 Dungeon Crawl Stone Soup version 0.24.0-29-g8ce449bc06 (webtiles) character file.

Game seed: 16908469778484299542, levelgen mode: deterministic

360 Delamore the Cleaver (level 6, -5/51 HPs)
             Began as a Hill Orc Fighter on Nov 14, 2019.
             Killed by nerve-wracking pain
             ... invoked by Menkaure
              (14 damage)
             ... on level 4 of the Dungeon.
             The game lasted 00:03:57 (3443 turns).

Delamore the Cleaver (Hill Orc Fighter)             Turns: 3443, Time: 00:03:58

Health: -5/51      AC:  9    Str: 21    XL:     6   Next: 65%
Magic:  6/6        EV:  8    Int:  8    God:
Gold:   204        SH:  9    Dex: 10    Spells: 5/5 levels left

rFire    . . .     SeeInvis .   a - +0 war axe
rCold    . . .     Gourm    .   c - +0 shield
rNeg     . . .     Faith    .   u - +3 ring mail
rPois    .         Spirit   .   (no helmet)
rElec    .         Reflect  .   (no cloak)
rCorr    .         Harm     .   (no gloves)
MR       .....                  o - +0 pair of boots {Stlth+}
Stlth    +.........             (no amulet)
HPRegen  0.17/turn              (no ring)
MPRegen  0.10/turn              (no ring)

@: no status effects
A: no striking features
a: no special abilities


You were on level 4 of the Dungeon.
You were not hungry.

You visited 1 branch of the dungeon, and saw 4 of its levels.

You collected 204 gold pieces.

Inventory:

Hand Weapons
 a - a +0 war axe (weapon)
Missiles
 r - 16 poisoned darts (quivered)
Armour
 b - a +0 scale mail
 c - a +0 shield (worn)
 o - a +0 pair of boots of stealth (worn)
 u - a +3 ring mail (worn)
Wands
 q - a wand of flame (28)
Scrolls
 h - 2 scrolls of fog {unknown}
 i - 2 scrolls of blinking {unknown}
 j - a scroll of enchant weapon {unknown}
 l - 4 scrolls of teleportation {unknown}
 n - 6 scrolls of identify {unknown}
 s - a scroll of remove curse {unknown}
Potions
 d - a potion of might
 e - a potion of degeneration {unknown}
 g - a potion of heal wounds {unknown}
 k - 2 potions of curing {unknown}
 m - a potion of agility {unknown}
 p - 2 potions of haste {unknown}
 t - a potion of ambrosia {unknown}
Comestibles
 f - 5 rations


   Skills:
 - Level 3.6 Fighting
 + Level 9.1 Axes
 - Level 3.2 Armour
 - Level 3.2 Shields


You had 5 spell levels left.
You didn't know any spells.
Your spell library was empty.

Dungeon Overview and Level Annotations

Branches:
Dungeon (4/15)
 Temple: D:4-7

Altars:

Annotations:
D:3 2 transporters, DroneFragger's ghost, amateur DsFi
D:4 Menkaure


Message History

Menkaure hits you but does no damage.
You slash Menkaure!
Menkaure is heavily damaged.
You barely miss Menkaure.
Menkaure is heavily damaged.
Menkaure hits you but does no damage.
You slash Menkaure!
Menkaure is almost destroyed.
Menkaure mumbles some strange words.
Menkaure seems to speed up.
You hit Menkaure but do no damage.
Menkaure is almost destroyed.
Menkaure calls on the powers of darkness!
Your body is wracked with pain!
* * * LOW HITPOINT WARNING * * *
You barely miss Menkaure.
Menkaure is almost destroyed.
Menkaure gestures at you while chanting.
Pain shoots through your body!
You die...

#.....# #........
#.....# #........
........ #........ ##
##..... ######....###
... #...##....###
....#####+##............
...........#............
...)...M...#............
.......@...#............
...........+............
...........#............
...........###'##.......
#########.......##'#####
#...†...#....###
#.......#....#..
#.......#....#<.
#.......#....#..


You could see Menkaure.

Vanquished Creatures
  A phantom (D:4)
  An orc priest (D:4)
  A hound (D:4)
  2 orc wizards
  9 adders
  An ooze (D:1)
  4 worms
  A dart slug (D:3)
  A leopard gecko (D:1)
  10 orcs
  A ball python (D:4)
  3 giant cockroaches
  6 jackals
  5 bats
  A frilled lizard (D:4)
  3 goblins
  8 kobolds
  7 rats
65 creatures vanquished.

Notes
Turn   | Place    | Note
-------+----------+-------------------------------------------
     0 | D:1      | Delamore the Hill Orc Fighter began the quest for the Orb.
     0 | D:1      | Reached XP level 1. HP: 19/19 MP: 1/1
    15 | D:1      | Reached skill level 3 in Axes
    54 | D:1      | Reached XP level 2. HP: 25/26 MP: 2/2
   156 | D:1      | Reached skill level 4 in Axes
   469 | D:2      | Reached XP level 3. HP: 31/31 MP: 3/3
   656 | D:2      | Reached skill level 5 in Axes
  1704 | D:3      | Reached XP level 4. HP: 29/39 MP: 4/4
  1708 | D:3      | Reached skill level 6 in Axes
  2118 | D:3      | Reached XP level 5. HP: 45/45 MP: 5/5
  2178 | D:3      | Found a transporter.
  2182 | D:3      | Found a transporter.
  2183 | D:3      | Noticed DroneFragger's ghost (amateur DsFi)
  2184 | D:3      | Noticed an ogre
  2250 | D:3      | Reached skill level 7 in Axes
  3054 | D:4      | Reached skill level 8 in Axes
  3054 | D:4      | Reached XP level 6. HP: 42/51 MP: 6/6
  3377 | D:4      | Noticed a phantom
  3397 | D:4      | Killed a phantom
  3397 | D:4      | Reached skill level 9 in Axes
  3433 | D:4      | Noticed Menkaure
  3443 | D:4      | Killed from afar by Menkaure

Levels and vault maps discovered:
D:1:      dpeg_arrival_tiny_a, layout_rooms, kennysheep_small_spiral
D:2:      layout_basic
D:3:      layout_basic, gammafunk_ghost_smash, mrwooster_statue_mirror,
          hex_medium
D:4:      layout_gridville, first_ration, hangedman_decor_clover_reticule,
          hangedman_decor_points, uniq_grinder, uniq_menkaure

Skill      XL: |  1  2  3  4  5  6 |
---------------+-------------------+-----
Axes           | 3 4 5 6 8 9 |  9.1
Fighting       | |  3.6
Armour         | |  3.2
Shields        | |  3.2

Action                   |  1- 3 |  4- 6 || total
-------------------------+-------+-------++-------
Melee: War axe           |   107 |   123 ||   230
Throw: Dart              |       |    12 ||    12
  Eat: Chunk             |     3 |     5 ||     8
Armor: Scale mail        |    44 |    50 ||    94
       Ring mail         |       |    19 ||    19
Dodge: Dodged            |    29 |    43 ||    72
Block: Shield            |    44 |    68 ||   112
